 Dungeon Crawl Stone Soup version 0.26-a0-1164-g1a551d6a14 (webtiles) character file.

Game seed: 16610833835775003916

164 CasualChangeling the Conjurer (level 5, 0/30 HPs)
             Began as a Tengu Conjurer on Dec 22, 2020.
             Killed from afar by an orc wizard (7 damage)
             ... with a magic dart
             ... on level 3 of the Dungeon on Dec 23, 2020.
             The game lasted 00:14:45 (3406 turns).

CasualChangeling the Conjurer (Tengu Conjurer)      Turns: 3406, Time: 00:14:46

Health: 0/30       AC:  3    Str:  7    XL:     5   Next: 45%
Magic:  5/10       EV: 15    Int: 19    God:
Gold:   174        SH:  0    Dex: 13    Spells: 7/10 levels left

rFire    . . .     SeeInvis .   a - +1 whip (pain)
rCold    . . .     Faith    .   (no shield)
rNeg     . . .     Spirit   .   h - +0 leather armour
rPois    .         Reflect  .   (helmet restricted)
rElec    .         Harm     .   (no cloak)
rCorr    .         Rampage  .   (no gloves)
Will     .....                  (boots unavailable)
Stlth    ++........             k - amulet of inaccuracy (curse)
HPRegen  0.10/turn              (no ring)
MPRegen  0.12/turn              (no ring)

@: flying quickly and evasively, quick
A: beak, talons 3, able to fly
a: Stop Flying


You were on level 3 of the Dungeon.
You visited 1 branch of the dungeon, and saw 3 of its levels.

You collected 174 gold pieces.

Inventory:

Hand Weapons
 a - a +1 whip of pain (weapon)
 e - a +1 short sword
Armour
 h - a +0 leather armour (worn)
Jewellery
 k - a cursed amulet of inaccuracy (around neck)
Scrolls
 d - a scroll of magic mapping {unknown}
 g - 2 scrolls of teleportation
 i - a scroll of identify
 l - a scroll of fear {unknown}
 m - a scroll of remove curse {unknown}
 n - a scroll of blinking {unknown}
 p - 2 scrolls of immolation {unknown}
Potions
 b - 3 potions of ambrosia {unknown}
 c - 3 potions of brilliance
 f - a potion of invisibility {unknown}
 j - a potion of heal wounds {unknown}
 o - a potion of degeneration {unknown}
 q - a potion of might {unknown}
 r - a potion of experience {unknown}


   Skills:
 + Level 2.2 Fighting
 + Level 3.5 Dodging
 - Level 2.0 Stealth
 + Level 3.0 Spellcasting
 + Level 6.3 Conjurations


You had 7 spell levels left.
You knew the following spells:

 Your Spells              Type           Power        Failure   Level
a - Magic Dart            Conj           100%         1%          1
b - Searing Ray           Conj           52%          2%          2

Your spell library contained the following spells:

 Spells                   Type           Power        Failure   Level
 Dazzling Flash           Conj/Hex       28%          19%         3
 Fulminant Prism          Conj/Hex       7%           52%         4
 Iskenderun's Mystic Bla  Conj/Tloc      14%          52%         4


Dungeon Overview and Level Annotations

Branches:
Dungeon (3/15)

Altars:
Zin


Innate Abilities, Weirdness & Mutations

You have a beak for a mouth.
You have claws for feet.
You can fly continuously.


Message History

You kill the orc priest!
Your Spellcasting skill increases to level 3!
You closely miss the orc wizard. The orc wizard barely misses you.
You completely miss the orc wizard. You claw the orc wizard.
The orc wizard is moderately wounded.
The orc wizard misses you.
You closely miss the orc wizard. Your peck misses the orc wizard.
The orc wizard is moderately wounded.
The orc wizard misses you.
You hit the orc wizard.
The orc wizard is heavily wounded.
The orc wizard barely misses you.
The orc wizard hits you with a +0 dagger.
* * * LOW HITPOINT WARNING * * *
You closely miss the orc wizard. Your kick misses the orc wizard.
Your peck misses the orc wizard.
The orc wizard is heavily wounded.
The orc wizard points at you and mumbles some strange words.
The magic dart hits you!
You die...

#. # .### #. ##⌠.⌠.#
## #.. ... .⌠.⌠.#
#.#.# .o.# ##.######
#)...o@.#
.......#####.###.#
###### ###.##. #.....#
#..(.. .. .. #.#####
#.#### # ... #.# #.#
##..#####.##########.#
#...........>.......#
#####################


You could see an orc wizard.

Vanquished Creatures
  An orc priest (D:3)
  An adder (D:2)
  6 gnolls
  2 worms (D:2)
  4 dart slugs
  4 orcs (D:3)
  A ball python (D:2)
  A giant cockroach (D:2)
  4 goblins
  9 hobgoblins
  9 kobolds
  4 bats (D:1)
  2 frilled lizards (D:1)
  3 rats (D:1)
51 creatures vanquished.

Notes
Turn   | Place    | Note
-------+----------+-------------------------------------------
     0 | D:1      | CasualChangeling the Tengu Conjurer began the quest for the
                  | Orb.
     0 | D:1      | Reached XP level 1. HP: 10/10 MP: 4/4
   256 | D:1      | Reached XP level 2. HP: 5/16 MP: 1/6
   841 | D:1      | Reached skill level 1 in Fighting
   921 | D:1      | Reached XP level 3. HP: 19/20 MP: 4/7
   952 | D:1      | Learned a level 2 spell: Searing Ray
  1635 | D:2      | Upgraded the game from 0.26-a0-1147-g3780a7a11b to
                  | 0.26-a0-1164-g1a551d6a14
  1710 | D:2      | Reached XP level 4. HP: 25/25 MP: 6/8
  2130 | D:1      | Reached skill level 6 in Conjurations
  2603 | D:2      | Gained mutation: You can fly continuously. [Tengu growth]
  2603 | D:2      | Reached XP level 5. HP: 30/30 MP: 6/10
  3074 | D:3      | Found a glowing silver altar of Zin.
  3406 | D:3      | Killed from afar by an orc wizard

Illustrated notes

Levels and vault maps discovered:
D:1:      ncdulo_halloftheorcs, layout_basic
D:2:      layout_rooms
D:3:      layout_loops_ring, zin_scriptorium, nemelex_xobeh_ov_fountains_minmay,
          small_statue_intersection, eino_curves_04

Skill      XL: |  1  2  3  4  5 |
---------------+----------------+-----
Fighting       | 1 2 |  2.2
Dodging        | 3 |  3.5
Conjurations   | 6 |  6.3
Spellcasting   | 3 |  3.0
Stealth        | |  2.0

Action                   |  1- 3 |  4- 6 || total
-------------------------+-------+-------++-------
Melee: Mace              |    10 |       ||    10
       Kick              |     2 |     5 ||     7
       Short sword       |    15 |     7 ||    22
       Whip              |       |    22 ||    22
       Peck              |       |     1 ||     1
 Cast: Magic Dart        |    52 |    48 ||   100
       Searing Ray       |     3 |       ||     3
 Abil: Fly               |       |     1 ||     1
  Use: Scroll            |     4 |       ||     4
 Stab: Sleeping          |     1 |       ||     1
Armor: Robe              |    18 |       ||    18
       Leather armour    |       |     2 ||     2
Dodge: Dodged            |    35 |    37 ||    72

Table legend: (Time is in decaauts)
 A = Elapsed time spent in this place.
 B = Non-inter-level travel time spent in this place.
 C = Inter-level travel time spent in this place.
 D = Time resting spent in this place.
 E = Time spent auto-exploring this place.
 F = Levels seen in this place.
 G = Mean time per level.
                   A        B        C        D        E       F      G
               +--------+--------+--------+--------+--------+-----+--------+
         Total |   3365 |   3283 |     82 |   1472 |    275 |   3 | 1121.7 |
       Dungeon |   3365 |   3283 |     82 |   1472 |    275 |   3 | 1121.7 |
               +--------+--------+--------+--------+--------+-----+--------+

Top non-repeatable levels by time:
     D:1: 1962 daAuts
     D:2: 977 daAuts
     D:3: 425 daAuts
